[Event "Titled Tuesday Blitz August 22 Late 2023"]
[White "Mazibuko, Khanya"]
[Black "reevecanada"]
[WhiteFideId "14321041"]
[WhiteElo "2411"]
[BlackElo "2538"]
[Result "1-0"]
[Round "6"]
[TimeControl "180+1"]
[Date "2023.08.22"]
[WhiteClock "0:00:07"]
[BlackClock "0:00:24"]
[Board "113"]

1. e4 c5 2. Nf3 d6 3. Bb5+ Bd7 4. Bxd7+ Qxd7 5. d4 cxd4 6. Nxd4 Nf6 7. Nc3 g6 8. f3 Bg7 9. Be3 O-O 10. Qd2 Nc6 11. O-O-O a6 12. Nd5 Nxd5 13. exd5 Ne5 14. b3 Rfc8 15. Bh6 Bh8 16. Kb1 Qc7 17. h4 b5 18. h5 Rab8 19. hxg6 hxg6 20. f4 Ng4 21. Nc6 Rb6 22. Bg5 Rxc6 23. dxc6 Qxc6 24. Rxh8+ Kxh8 25. Bxe7 Kg8 26. Qe2 Ne3 27. Rxd6 Qxc2+ 28. Qxc2 Rxc2 29. Bf6 Rc8 30. Rxa6 Nxg2 31. Bg5 Ne1 32. Rd6 b4 33. Rd1 Nf3 34. Bf6 Kf8 35. Rh1 Ke8 36. Rh8+ Kd7 37. Rxc8 Kxc8 38. Be7 Kd7 39. Bxb4 Ke6 40. a4 Kf5 41. Bd6 Nd4 42. Kb2 Ke6 43. Be5 Nc6 44. Bc7 f6 45. Kc3 Kd7 46. Bb6 Ne7 47. Kc4 Kc6 48. Bd4 Nd5 49. b4 f5 50. b5+ Kd6 51. Be5+ Ke6 52. Kc5 g5 53. a5 gxf4 54. Bd4 Nc7 55. b6 Na6+ 56. Kb5 Nb8 57. a6 Kd5 58. a7 Nd7 59. Bf2 Ke4 60. a8=Q+ Kd3 61. Qd5+ Ke2 62. Qxd7 Kxf2 63. Qxf5 f3 64. b7 Kg2 65. b8=Q f2 66. Qbf4 Kh1 67. Qh4+ Kg1 68. Qfxf2# 1-0


[Site "https://www.chess.com"]

[Event "Titled Tuesday Blitz August 22 Late 2023"]
[White "Shapiro, Viktor"]
[Black "Romero Ruscalleda, Josep"]
[WhiteFideId "4175700"]
[BlackFideId "2231859"]
[WhiteElo "2537"]
[BlackElo "2406"]
[Result "1-0"]
[Round "6"]
[TimeControl "180+1"]
[Date "2023.08.22"]
[WhiteClock "0:00:15"]
[BlackClock "0:00:00"]
[Board "114"]

1. c4 g6 2. Nc3 Bg7 3. Nf3 d6 4. d4 Nf6 5. Bg5 O-O 6. e3 Nc6 7. Be2 Bf5 8. h3 Ne4 9. Bh4 Nxc3 10. bxc3 d5 11. cxd5 Qxd5 12. O-O e5 13. Qb3 Qxb3 14. axb3 exd4 15. cxd4 a6 16. Rfc1 Rac8 17. Bg3 Rfe8 18. Bxa6 Nxd4 19. Bxb7 Ne2+ 20. Kh2 Rb8 21. Bd5 Nxg3 22. Kxg3 Bxa1 23. Rxa1 Be4 24. Bc4 Bxf3 25. Kxf3 Kg7 26. Ra7 Re7 27. g4 h6 28. h4 Rb6 29. Kg3 Rd6 30. Ra5 Rd2 31. Rc5 Kf8 32. Kf3 Ke8 33. h5 g5 34. Rf5 Rd6 35. Ke2 f6 36. f3 Re5 37. Bd3 Rxf5 38. Bxf5 Ke7 39. Bd3 Kd7 40. f4 Kc6 41. Bc4 Kc5 42. Kf3 Kb4 43. Ke4 c5 44. Kf5 Kc3 45. Be6 gxf4 46. exf4 Rxe6 47. Kxe6 Kxb3 48. g5 c4 49. g6 c3 50. g7 c2 51. g8=Q c1=Q 52. Kxf6+ Kb4 53. Qb8+ Ka5 54. Qe5+ Ka6 55. Kg6 Ka7 56. Kxh6 Qc2 57. f5 Qd2+ 58. Kg6 Qg2+ 59. Kf7 Qa2+ 60. Qe6 Qc2 61. h6 Qh2 62. Kg7 Qg3+ 63. Qg6 Qc3+ 64. f6 Kb8 65. h7 Kc7 66. Qf7+ Kd6 67. Qe7+ Kd5 68. h8=Q Qg3+ 69. Kf8 Qb8+ 70. Kf7 Qxh8 71. Qe6+ Kd4 72. Qg4+ Kd5 73. Qf5+ Kd6 74. Qd3+ Kc6 75. Qe4+ Kd6 76. Qe6+ Kc5 77. Ke7 Qh4 78. Qd6+ Kc4 79. Qe5 Kb3 80. Kd6 Qb4+ 81. Ke6 1-0


[Site "https://www.chess.com"]

[Event "Titled Tuesday Blitz August 22 Late 2023"]
[White "HamedWafa4"]
[Black "Harriott, Tyrell"]
[BlackFideId "2086484"]
[WhiteElo "2536"]
[BlackElo "2401"]
[Result "0-1"]
[Round "6"]
[TimeControl "180+1"]
[Date "2023.08.22"]
[WhiteClock "0:01:25"]
[BlackClock "0:00:20"]
[Board "115"]

1. e4 d5 2. exd5 Nf6 3. Nf3 Qxd5 4. d4 Bg4 5. Be2 Nc6 6. Be3 O-O-O 7. O-O Qh5 8. h3 e5 9. hxg4 Nxg4 10. Nh4 f5 11. Bxg4 fxg4 12. g3 exd4 13. Bf4 g5 14. Ng2 gxf4 15. Nxf4 Qf5 16. Nd2 Ne5 17. Re1 Bb4 18. Kg2 h5 19. a3 Bxd2 20. Qxd2 Nf3 21. Qb4 Nxe1+ 22. Rxe1 h4 23. Qc4 hxg3 24. fxg3 Qh7 25. Rg1 Qh2+ 26. Kf1 Rhe8 27. Rg2 Qh1+ 28. Rg1 Qf3# 0-1


[Site "https://www.chess.com"]

[Event "Titled Tuesday Blitz August 22 Late 2023"]
[White "matenitian"]
[Black "Ozalp, Burak"]
[BlackFideId "6314210"]
[WhiteElo "2528"]
[BlackElo "2394"]
[Result "1-0"]
[Round "6"]
[TimeControl "180+1"]
[Date "2023.08.22"]
[WhiteClock "0:01:03"]
[BlackClock "0:02:02"]
[Board "116"]

1. e4 e6 2. d4 d5 3. e5 c5 4. c3 Nc6 5. Nf3 Qb6 6. Be2 cxd4 7. cxd4 Nge7 8. O-O Nf5 9. Be3 Qxb2 10. Nbd2 Qa3 11. Nb3 a5 12. Bc1 Qe7 13. Bg5 f6 14. exf6 gxf6 15. Bf4 a4 16. Nc5 b6 17. Nxa4 Rxa4 18. Qxa4 Bd7 19. Rfd1 Kf7 20. Qb3 Ncxd4 21. Nxd4 Nxd4 22. Rxd4 e5 23. Rxd5 Be6 24. Bh5+ Kg7 25. Qg3+ 1-0


[Site "https://www.chess.com"]

[Event "Titled Tuesday Blitz August 22 Late 2023"]
[White "Jovic, Stanoje"]
[Black "Melikhov, Evgeny V."]
[WhiteFideId "905020"]
[BlackFideId "4122046"]
[WhiteElo "2523"]
[BlackElo "2392"]
[Result "1-0"]
[Round "6"]
[TimeControl "180+1"]
[Date "2023.08.22"]
[WhiteClock "0:00:52"]
[BlackClock "0:00:45"]
[Board "117"]

1. c4 e5 2. g3 d6 3. Bg2 f5 4. Nc3 Nf6 5. Nf3 Be7 6. d4 e4 7. Ng5 c6 8. h4 O-O 9. d5 Na6 10. O-O Nc7 11. f3 exf3 12. exf3 cxd5 13. cxd5 h6 14. Nh3 Qe8 15. Re1 Qf7 16. Nf4 g5 17. hxg5 hxg5 18. Ng6 Qxg6 19. Rxe7 Rf7 20. Rxf7 Qxf7 21. Bxg5 Nfxd5 22. Qd4 Nxc3 23. Qxc3 Be6 24. Re1 Rc8 25. Qb4 Ne8 26. b3 Rc2 27. Qa4 a6 28. Bf4 Bd7 29. Qa5 Bc6 30. Qd8 Kh7 31. Re7 Qxe7 32. Qxe7+ Kg6 33. Qe6+ Nf6 34. Bxd6 Kg7 35. Be5 1-0


[Site "https://www.chess.com"]

[Event "Titled Tuesday Blitz August 22 Late 2023"]
[White "Polaczek, Richard"]
[Black "Nurgaliyeva, Zarina"]
[WhiteFideId "200026"]
[BlackFideId "13730096"]
[WhiteElo "2390"]
[BlackElo "2520"]
[Result "1-0"]
[Round "6"]
[TimeControl "180+1"]
[Date "2023.08.22"]
[WhiteClock "0:01:14"]
[BlackClock "0:00:03"]
[Board "118"]

1. d4 Nf6 2. Bg5 d5 3. Bxf6 exf6 4. e3 Be6 5. Nd2 Nd7 6. Ne2 f5 7. Nf4 Nf6 8. Nxe6 fxe6 9. Bd3 Bd6 10. O-O O-O 11. Nf3 Qe8 12. c4 c6 13. cxd5 cxd5 14. Qb3 b6 15. Rac1 Ne4 16. Qb5 Qh5 17. Qd7 Rad8 18. Qxe6+ Kh8 19. Ne5 Bb8 20. f4 Rde8 21. Qxd5 Nf6 22. Qf3 Qh6 23. Rc6 Bxe5 24. dxe5 1-0


[Site "https://www.chess.com"]

[Event "Titled Tuesday Blitz August 22 Late 2023"]
[White "petr577"]
[Black "Sreyas Payyappat"]
[BlackFideId "46674969"]
[WhiteElo "2380"]
[BlackElo "2510"]
[Result "0-1"]
[Round "6"]
[TimeControl "180+1"]
[Date "2023.08.22"]
[WhiteClock "0:00:11"]
[BlackClock "0:00:20"]
[Board "119"]

1. d4 Nf6 2. Bg5 e6 3. Nd2 d5 4. e3 c5 5. c3 Nc6 6. Ngf3 Bd6 7. Bd3 O-O 8. O-O b6 9. Qe2 Bb7 10. Rad1 h6 11. Bf4 Bxf4 12. exf4 Qc7 13. g3 Rfe8 14. Nb1 Ne4 15. Na3 a6 16. Nc2 Rad8 17. a3 f6 18. Bxa6 Bxa6 19. Qxa6 c4 20. Nb4 Nxb4 21. axb4 Ra8 22. Qb5 Nd6 23. Qxe8+ Rxe8 24. Rfe1 Ne4 25. Nh4 e5 26. fxe5 fxe5 27. dxe5 Rxe5 28. f4 Re8 29. Rxd5 b5 30. Rd4 Nd6 31. Rxe8+ Nxe8 32. Nf3 Nd6 33. Ne5 Nf5 34. Rd5 Qb6+ 35. Rc5 Qa6 36. Kg2 Qa2 37. Rxb5 Qxb2+ 38. Kh3 Ne3 39. Nf3 Qg2+ 40. Kh4 Qxf3 41. Rb8+ Kh7 42. f5 Qg4# 0-1


[Site "https://www.chess.com"]

[Event "Titled Tuesday Blitz August 22 Late 2023"]
[White "Seresin, Francesco"]
[Black "Janaszak, Dawid"]
[WhiteFideId "886335"]
[BlackFideId "1119206"]
[WhiteElo "2376"]
[BlackElo "2506"]
[Result "0-1"]
[Round "6"]
[TimeControl "180+1"]
[Date "2023.08.22"]
[WhiteClock "0:00:12"]
[BlackClock "0:00:42"]
[Board "120"]

1. d4 Nf6 2. c4 d6 3. Nf3 g6 4. g3 Bg7 5. Bg2 O-O 6. Nc3 Nc6 7. O-O a6 8. d5 Na5 9. b3 c5 10. dxc6 Nxc6 11. Bb2 Bf5 12. Nd4 Bd7 13. Rc1 Qa5 14. Qd2 Qh5 15. Nxc6 bxc6 16. Ne4 Bg4 17. Nxf6+ Bxf6 18. Bxf6 exf6 19. Bxc6 Bxe2 20. Bxa8 Rxa8 21. Rfe1 Bf3 22. Re3 Bb7 23. Qxd6 Kg7 24. c5 Bc8 25. c6 Bg4 26. c7 Rc8 27. Rc6 Qf5 28. Kg2 Bh3+ 29. Kg1 Qb1+ 0-1


[Site "https://www.chess.com"]

[Event "Titled Tuesday Blitz August 22 Late 2023"]
[White "Vafin, Ayrat"]
[Black "Delorme, Axel"]
[WhiteFideId "4146530"]
[BlackFideId "632023"]
[WhiteElo "2500"]
[BlackElo "2374"]
[Result "0-1"]
[Round "6"]
[TimeControl "180+1"]
[Date "2023.08.22"]
[WhiteClock "0:00:09"]
[BlackClock "0:01:25"]
[Board "121"]

1. Nf3 c5 2. g3 g6 3. Bg2 Bg7 4. d4 cxd4 5. Nxd4 Nc6 6. Nxc6 dxc6 7. c4 Qxd1+ 8. Kxd1 Be6 9. Na3 Nf6 10. e4 Ng4 11. Ke2 Ne5 12. Rd1 Nxc4 13. Nxc4 Bxc4+ 14. Ke1 Rd8 15. Be3 Bxb2 16. Rxd8+ Kxd8 17. Rd1+ Kc7 18. f4 Rd8 19. Rxd8 Kxd8 20. Bxa7 Bxa2 21. Bb6+ Kd7 22. Kd2 f6 23. Bh3+ Be6 24. Bg2 Ba3 25. Kc3 Bd6 26. Kd4 Bc7 27. Kc5 h5 28. Bf1 Bxb6+ 29. Kxb6 Bb3 30. h4 Kd6 31. Bd3 c5 32. e5+ fxe5 33. fxe5+ Kd5 34. Bxg6 c4 35. g4 c3 36. gxh5 c2 37. h6 c1=Q 38. h7 Qc6+ 39. Ka7 Qc8 40. Bf7+ e6 41. Bg8 Qc5+ 42. Kb8 Qf8+ 43. Ka7 Qg7 44. h5 Kxe5 45. h6 Qh8 46. Kxb7 Bd5+ 47. Kc7 Kd4 48. Kd7 e5 0-1


[Site "https://www.chess.com"]

[Event "Titled Tuesday Blitz August 22 Late 2023"]
[White "Filgueiras, Nathan Felipe"]
[Black "Baghdasaryan, Vahe"]
[WhiteFideId "2188562"]
[BlackFideId "13303139"]
[WhiteElo "2499"]
[BlackElo "2368"]
[Result "1-0"]
[Round "6"]
[TimeControl "180+1"]
[Date "2023.08.22"]
[WhiteClock "0:00:39"]
[BlackClock "0:00:18"]
[Board "122"]

1. e4 e5 2. Nf3 Nc6 3. Nc3 Nf6 4. Be2 Bb4 5. Nd5 Nxd5 6. exd5 Nd4 7. c3 Nxf3+ 8. Bxf3 Be7 9. O-O f5 10. Re1 d6 11. d4 e4 12. Be2 O-O 13. f3 exf3 14. Bxf3 Bg5 15. Qd3 Bxc1 16. Raxc1 Qg5 17. Qe3 f4 18. Qe7 Qxe7 19. Rxe7 Rf7 20. Re8+ Rf8 21. Rce1 Bf5 22. Rxa8 Rxa8 23. Re7 Rc8 24. Bh5 g6 25. Bf3 g5 26. Bh5 b6 27. Kf2 a5 28. Kf3 Bb1 29. a3 Bc2 30. Bg4 Kf8 31. Re2 h5 32. Bxc8 Bd1 33. Kf2 Bxe2 34. Kxe2 Ke7 35. Kf3 Kf6 36. h4 Kg6 37. hxg5 Kxg5 38. Bh3 h4 39. Bd7 h3 40. gxh3 Kh4 41. Kxf4 Kh5 42. Kf5 Kh4 43. Kf6 Kh5 44. Ke7 Kh4 45. Kd8 Kh5 46. Kxc7 Kh4 47. Kxd6 Kh5 48. Kc7 Kh4 49. Bg4 Kg5 50. d6 Kh4 51. d7 Kg5 52. d8=Q+ Kf4 53. Qf6+ Kg3 54. Qf3+ Kh4 55. Qf4 b5 56. Bf5+ Kh5 57. Qg4+ Kh6 58. Qg6# 1-0


[Site "https://www.chess.com"]

[Event "Titled Tuesday Blitz August 22 Late 2023"]
[White "Rizzo, Tobias"]
[Black "Ozen, Batuhan"]
[WhiteFideId "30942691"]
[BlackFideId "6345123"]
[WhiteElo "2494"]
[BlackElo "2363"]
[Result "0-1"]
[Round "6"]
[TimeControl "180+1"]
[Date "2023.08.22"]
[WhiteClock "0:00:00"]
[BlackClock "0:00:16"]
[Board "123"]

1. d4 g6 2. e4 Bg7 3. Nc3 d6 4. Be3 Nf6 5. Qd2 Ng4 6. Bg5 h6 7. Bh4 g5 8. Bg3 e5 9. Nf3 exd4 10. Nxd4 Nc6 11. Bb5 Bd7 12. Bxc6 bxc6 13. f3 Ne5 14. O-O Nc4 15. Qf2 c5 16. Nde2 Nxb2 17. Rab1 Nc4 18. Rfd1 O-O 19. f4 Bc6 20. Nd5 Bxd5 21. exd5 Re8 22. fxg5 Qxg5 23. Rb7 Ne3 24. Rd3 Nxc2 25. Rxc7 Rab8 26. Qxf7+ Kh8 27. h4 Qg4 28. Nf4 Rg8 29. Ng6+ Kh7 30. Ne7 Rgf8 31. Qe6 Qxe6 32. dxe6 Nd4 33. Bxd6 Nxe6 34. Rd7 Rb1+ 0-1


[Site "https://www.chess.com"]

[Event "Titled Tuesday Blitz August 22 Late 2023"]
[White "Urbina Perez, Juan Antonio"]
[Black "KorolDimitriy75"]
[WhiteFideId "2217368"]
[WhiteElo "2484"]
[BlackElo "2358"]
[Result "1-0"]
[Round "6"]
[TimeControl "180+1"]
[Date "2023.08.22"]
[WhiteClock "0:01:53"]
[BlackClock "0:00:00"]
[Board "124"]

1. c4 c5 2. g3 g6 3. Bg2 Bg7 4. Nf3 Nc6 5. O-O Nh6 6. Nc3 Nf5 7. Rb1 a6 8. e3 Rb8 9. a4 d6 10. Ne2 e5 11. b3 O-O 12. Bb2 e4 13. Ne1 Bxb2 14. Rxb2 Re8 15. d3 exd3 16. Nxd3 Bd7 17. Nef4 b5 18. axb5 axb5 19. Nd5 Ne5 20. Rc2 bxc4 21. bxc4 Ba4 22. Qd2 Bxc2 23. Qxc2 Nxd3 24. Qxd3 f6 25. Qc3 Kg7 26. g4 Nh4 27. g5 1-0


[Site "https://www.chess.com"]

[Event "Titled Tuesday Blitz August 22 Late 2023"]
[White "Michalczak, Thomas"]
[Black "Han, Yichen"]
[WhiteFideId "4622634"]
[BlackFideId "1054430"]
[WhiteElo "2481"]
[BlackElo "2353"]
[Result "1/2-1/2"]
[Round "6"]
[TimeControl "180+1"]
[Date "2023.08.22"]
[WhiteClock "0:00:25"]
[BlackClock "0:00:19"]
[Board "125"]

1. e4 e5 2. Nf3 Nc6 3. Bb5 a6 4. Ba4 b5 5. Bb3 Na5 6. O-O d6 7. d4 exd4 8. c3 Nxb3 9. axb3 Nf6 10. Re1 Be7 11. cxd4 O-O 12. Nc3 Bb7 13. b4 d5 14. e5 Ne4 15. Qb3 Qd7 16. h3 Kh8 17. Be3 f6 18. exf6 Bxf6 19. Rad1 Rae8 20. Nxe4 dxe4 21. Ne5 Qd5 22. Qxd5 Bxd5 23. Nd7 Rf7 24. Nxf6 Rxf6 25. Rc1 c6 26. Ra1 Ra8 27. Ra3 Rf7 28. Rea1 Rfa7 29. Bf4 Kg8 30. Bd6 Kf7 31. Bc5 Rd7 32. Rxa6 Rxa6 33. Rxa6 Ke6 34. Ra8 Rf7 35. Re8+ Kd7 36. Re5 g6 37. Kf1 Bc4+ 38. Ke1 Bd5 39. Ke2 Bc4+ 40. Ke3 Bd5 41. h4 Rg7 42. Bf8 Rf7 43. Bh6 Kd6 44. Bf4 Kd7 45. h5 Rf5 46. hxg6 hxg6 47. Rxf5 gxf5 48. Be5 Ke6 49. Kf4 Bb3 50. g4 fxg4 51. Kxe4 Bd1 52. Kf4 Bf3 53. Bg7 Kd5 54. Ke3 Kc4 55. Bf8 Kb3 56. Bc5 Kxb2 57. Kf4 Kb3 58. Ke3 Kc4 59. Bd6 Kd5 60. Bc5 Ke6 61. Bf8 Kd5 62. Bc5 Be4 63. Bf8 Bf3 64. Bc5 1/2-1/2


[Site "https://www.chess.com"]

[Event "Titled Tuesday Blitz August 22 Late 2023"]
[White "Sivakumar, Shaashwath"]
[Black "rionelG"]
[WhiteFideId "30912156"]
[WhiteElo "2478"]
[BlackElo "2349"]
[Result "0-1"]
[Round "6"]
[TimeControl "180+1"]
[Date "2023.08.22"]
[WhiteClock "0:00:03"]
[BlackClock "0:00:04"]
[Board "126"]

1. d4 Nf6 2. c4 g6 3. Nc3 Bg7 4. e4 O-O 5. Be2 d6 6. Be3 e5 7. d5 Na6 8. g4 Nc5 9. f3 a5 10. h4 c6 11. Qd2 cxd5 12. cxd5 a4 13. Nh3 Bxg4 14. fxg4 Nfxe4 15. Nxe4 Nxe4 16. Qb4 Ng3 17. Rg1 Nxe2 18. Kxe2 Qxh4 19. Nf2 Qe7 20. g5 f5 21. gxf6 Qxf6 22. Raf1 Qf3+ 23. Kd2 Qxd5+ 24. Ke2 Rac8 25. Qxa4 Rc4 26. Qb3 Rfc8 27. Rc1 b5 28. Rgd1 Qe6 29. Rxc4 bxc4 30. Qb6 c3 31. bxc3 Qxa2+ 32. Rd2 Qc4+ 33. Rd3 e4 34. Nxe4 Qxe4 35. Qxd6 Bh6 36. Kd2 Bxe3+ 37. Rxe3 Qf5 38. Rd3 Qf2+ 39. Kc1 Re8 40. Qd5+ Qf7 41. Qd4 h5 42. Rd1 Qa2 43. Qf6 Qa1+ 44. Kc2 Qa4+ 45. Kd2 Qd7+ 46. Kc1 Qf7 47. Qg5 Rf8 48. Rd6 Kg7 49. Qe5+ Kh7 50. Qd4 Qf4+ 51. Qxf4 Rxf4 52. Kd2 h4 53. Rd7+ Kh6 54. Ke3 Rg4 55. Rd4 Rxd4 56. Kxd4 h3 0-1


[Site "https://www.chess.com"]

[Event "Titled Tuesday Blitz August 22 Late 2023"]
[White "Bullen, Alex"]
[Black "Itkis, Boris"]
[WhiteFideId "1801627"]
[BlackFideId "1209167"]
[WhiteElo "2348"]
[BlackElo "2475"]
[Result "0-1"]
[Round "6"]
[TimeControl "180+1"]
[Date "2023.08.22"]
[WhiteClock "0:00:01"]
[BlackClock "0:01:11"]
[Board "127"]

1. d4 d5 2. Nf3 Nf6 3. c4 e6 4. g3 Bb4+ 5. Bd2 a5 6. Bg2 O-O 7. O-O dxc4 8. Qc2 Bxd2 9. Nbxd2 b5 10. a4 c6 11. e3 Nd5 12. Ne5 f6 13. Nef3 Nd7 14. e4 Nb4 15. Qc3 Bb7 16. Rfd1 Qe7 17. b3 cxb3 18. Qxb3 Kh8 19. Bh3 Rfe8 20. Nh4 Nb6 21. e5 f5 22. Qf3 g6 23. Qf4 N4d5 24. Qh6 Qg7 25. Qxg7+ Kxg7 26. axb5 cxb5 27. Nb3 Na4 28. Rdc1 Rac8 29. Bg2 Rxc1+ 30. Rxc1 Ra8 31. Nc5 Nxc5 32. Rxc5 b4 33. Bxd5 Bxd5 34. Rc7+ Kh6 35. Ng2 a4 36. Nf4 a3 37. Nxd5 exd5 38. e6 a2 39. e7 a1=Q+ 40. Kg2 Qxd4 41. h4 Qe4+ 42. Kh3 Qh1# 0-1


[Site "https://www.chess.com"]

[Event "Titled Tuesday Blitz August 22 Late 2023"]
[White "Seletsky, Grigory"]
[Black "Harish, Neeraj"]
[WhiteFideId "14112191"]
[BlackFideId "30958130"]
[WhiteElo "2472"]
[BlackElo "2345"]
[Result "1-0"]
[Round "6"]
[TimeControl "180+1"]
[Date "2023.08.22"]
[WhiteClock "0:00:57"]
[BlackClock "0:00:26"]
[Board "128"]

1. e4 c6 2. d3 d5 3. Nd2 e5 4. Ngf3 Bd6 5. g3 Nf6 6. Bg2 O-O 7. O-O Re8 8. Re1 Bg4 9. h3 Bh5 10. Nf1 Nbd7 11. g4 Bg6 12. Ng3 Nc5 13. Nd2 dxe4 14. dxe4 Ne6 15. Ndf1 Nf4 16. f3 Bc5+ 17. Be3 Bxe3+ 18. Nxe3 Qxd1 19. Raxd1 Rad8 20. Bf1 Nd7 21. Kh2 Nb6 22. b3 f6 23. Ngf5 Bf7 24. Kg3 g6 25. Nh6+ Kg7 26. Nxf7 Kxf7 27. Nc4 Nc8 28. a4 Ke7 29. h4 Rxd1 30. Rxd1 Rd8 31. Rxd8 Kxd8 32. g5 Ke7 33. Bh3 Nb6 34. Nxb6 axb6 35. Bc8 fxg5 36. hxg5 Ne2+ 37. Kf2 Nd4 38. Bxb7 c5 39. c3 Nxb3 40. Bd5 Na5 41. Ke3 Kd6 42. f4 Nc6 43. Bxc6 Kxc6 44. fxe5 Kd7 45. Kd3 Ke6 46. Kc4 Kxe5 47. Kb5 Kxe4 48. Kxb6 Kf5 49. a5 Kxg5 50. a6 h5 51. a7 Kh4 52. a8=Q g5 53. Qh1+ Kg4 54. Qg2+ Kf4 55. Kxc5 h4 56. Kd4 g4 57. Qf2+ Kg5 58. Ke4 1-0


[Site "https://www.chess.com"]

[Event "Titled Tuesday Blitz August 22 Late 2023"]
[White "Toropov, Pavel"]
[Black "Filip, Andrei"]
[WhiteFideId "24129178"]
[BlackFideId "1249452"]
[WhiteElo "2470"]
[BlackElo "2332"]
[Result "1-0"]
[Round "6"]
[TimeControl "180+1"]
[Date "2023.08.22"]
[WhiteClock "0:00:37"]
[BlackClock "0:00:56"]
[Board "129"]

1. e4 c6 2. d4 d5 3. exd5 cxd5 4. Bd3 Nc6 5. c3 Nf6 6. h3 g6 7. Qc2 Bg7 8. Nf3 O-O 9. O-O a5 10. Bf4 b6 11. Qe2 Bf5 12. Na3 Bxd3 13. Qxd3 Ne4 14. Nb5 Na7 15. a4 Qd7 16. Nxa7 Rxa7 17. Rfe1 e6 18. Ne5 Qc8 19. Rac1 Qe8 20. b3 Ra8 21. c4 Nf6 22. c5 bxc5 23. dxc5 Ne4 24. f3 g5 25. fxe4 gxf4 26. exd5 exd5 27. Ng6 Qc6 28. Ne7+ 1-0


[Site "https://www.chess.com"]

[Event "Titled Tuesday Blitz August 22 Late 2023"]
[White "Senft, Sean"]
[Black "Fernandez Lopez, Ruben"]
[WhiteFideId "2044960"]
[BlackFideId "24518298"]
[WhiteElo "2348"]
[BlackElo "2469"]
[Result "0-1"]
[Round "6"]
[TimeControl "180+1"]
[Date "2023.08.22"]
[WhiteClock "0:00:01"]
[BlackClock "0:01:17"]
[Board "130"]

1. d4 b6 2. c4 Bb7 3. Nc3 Nf6 4. Nf3 e6 5. Bg5 Be7 6. e3 O-O 7. Bd3 d5 8. cxd5 exd5 9. Qc2 Nbd7 10. O-O h6 11. Bh4 Re8 12. h3 Ne4 13. Bxe7 Qxe7 14. Rac1 Ndf6 15. Ne5 c5 16. Qe2 Rac8 17. Rfe1 cxd4 18. exd4 Nxc3 19. bxc3 Qa3 20. Qf3 Qxa2 21. Ra1 Qd2 22. Red1 Qxc3 23. Rxa7 Re7 24. Qf5 Rce8 25. Ng4 Re1+ 26. Rxe1 Rxe1+ 27. Kh2 Nxg4+ 28. hxg4 Qc7+ 29. g3 g6 30. Qf6 Re6 31. Qf3 Qb8 32. Ra2 Qd8 33. Rb2 Rf6 34. Qd1 Bc8 35. f4 Qd7 36. Be2 Re6 37. Bf3 Re3 38. Rxb6 Qc7 39. Rb2 Be6 40. Bg2 Qc3 41. Rc2 Qa3 42. Bf3 Rxf3 43. Rc8+ 0-1


[Site "https://www.chess.com"]

[Event "Titled Tuesday Blitz August 22 Late 2023"]
[White "Stanisz, Patryk"]
[Black "Kirillov, Dmitry"]
[WhiteFideId "1123106"]
[BlackFideId "34180572"]
[WhiteElo "2331"]
[BlackElo "2466"]
[Result "0-1"]
[Round "6"]
[TimeControl "180+1"]
[Date "2023.08.22"]
[WhiteClock "0:00:52"]
[BlackClock "0:00:52"]
[Board "131"]

1. d4 Nf6 2. c4 c5 3. Nf3 cxd4 4. Nxd4 g6 5. Nc3 Bg7 6. e4 O-O 7. Be2 Nc6 8. Be3 d6 9. O-O Bd7 10. f3 a5 11. Qd2 Nxd4 12. Bxd4 Bc6 13. Rfd1 a4 14. Rac1 Qa5 15. Bf1 Rfc8 16. Qf2 h5 17. Bb6 Qb4 18. Rd2 Nd7 19. Be3 Ne5 20. Nd1 Nd7 21. a3 Qa5 22. Rdc2 Nc5 23. Nc3 Kh7 24. Rd1 Rd8 25. g3 Rac8 26. Nd5 Bxd5 27. exd5 Qb6 28. g4 hxg4 29. fxg4 Kg8 30. h4 Qb3 31. Be2 Qxc2 32. Rf1 Rf8 33. h5 Ne4 34. Qf4 Qxe2 35. Qxe4 Rxc4 36. Qxe7 Rxg4+ 0-1


[Site "https://www.chess.com"]

[Event "Titled Tuesday Blitz August 22 Late 2023"]
[White "Mindhunter08"]
[Black "Zampronha, Wladimir Camilo"]
[BlackFideId "2103087"]
[WhiteElo "2464"]
[BlackElo "2312"]
[Result "1-0"]
[Round "6"]
[TimeControl "180+1"]
[Date "2023.08.22"]
[WhiteClock "0:01:04"]
[BlackClock "0:00:34"]
[Board "132"]

1. e4 c5 2. Nf3 e6 3. g3 d5 4. exd5 exd5 5. d4 Nc6 6. Bg2 Bg4 7. dxc5 Bxc5 8. O-O Nge7 9. h3 Bh5 10. g4 Bg6 11. Nc3 O-O 12. Bf4 Rc8 13. Na4 Bd6 14. Bg5 Bb8 15. Re1 f6 16. Be3 Be4 17. c3 Qc7 18. Nc5 Nd8 19. Nxe4 dxe4 20. Nd4 f5 21. Qb3+ Kh8 22. gxf5 Nxf5 23. Nxf5 Rxf5 24. Rad1 Nf7 25. Qe6 Rf3 26. Bxf3 exf3 27. Bf4 Ng5 28. Qe8+ 1-0


[Site "https://www.chess.com"]

[Event "Titled Tuesday Blitz August 22 Late 2023"]
[White "Chemin, Justo Reinaldo"]
[Black "KrokerGuy"]
[WhiteFideId "2101580"]
[WhiteElo "2283"]
[BlackElo "2458"]
[Result "1-0"]
[Round "6"]
[TimeControl "180+1"]
[Date "2023.08.22"]
[WhiteClock "0:00:07"]
[BlackClock "0:00:10"]
[Board "133"]

1. d4 d5 2. Bf4 Nf6 3. e3 c5 4. c3 Nc6 5. Nd2 e6 6. Bd3 Bd6 7. Bg3 Bxg3 8. hxg3 Qd6 9. f4 h5 10. Ngf3 Ng4 11. Qe2 Bd7 12. Ne5 Nf6 13. g4 g6 14. g5 Ng8 15. O-O-O Nxe5 16. dxe5 Qb6 17. e4 Ne7 18. exd5 exd5 19. Rhe1 O-O-O 20. c4 Kb8 21. Nf3 d4 22. Nd2 Bg4 23. Nf3 Bf5 24. Rd2 Bxd3 25. Qxd3 Nf5 26. Qb3 Qxb3 27. axb3 Ne3 28. Rde2 Kc7 29. Nd2 Kc6 30. Ne4 b6 31. Nd6 Rd7 32. Ne4 a6 33. Nf6 Rdd8 34. Rxe3 dxe3 35. Rxe3 Rd4 36. g3 h4 37. e6 fxe6 38. Rxe6+ Kb7 39. Re7+ Kc8 40. gxh4 Rxh4 41. Nd5 Rxd5 42. cxd5 Rxf4 43. d6 Rd4 44. Re6 Kd7 45. Rxg6 Rxd6 46. Rxd6+ Kxd6 47. Kd2 Ke6 48. Kd3 Ke5 49. Kc4 Ke6 50. b4 cxb4 51. Kxb4 Kf5 52. Kc4 Ke5 53. g6 Kf6 54. Kd5 Kxg6 55. Kc6 b5 56. Kb6 b4 57. Kxa6 b3 58. Kb5 Kf5 59. Kb4 Ke5 60. Kxb3 Kd5 61. Kb4 Kc6 62. Kc4 Kb6 63. Kb4 Kc6 64. Ka5 Kc7 65. Kb5 Kb7 66. b3 Kc7 67. Ka6 Kc6 68. b4 Kc7 69. b5 Kc8 70. Kb6 Kb8 71. Kc6 Kc8 72. Kb6 Kb8 73. Kc6 Kc8 74. b6 Kb8 75. b7 Ka7 76. Kc7 Ka6 77. b8=Q 1-0


[Site "https://www.chess.com"]

[Event "Titled Tuesday Blitz August 22 Late 2023"]
[White "Hajiyev, Kanan"]
[Black "Fernandez Hernandez, Gerardo"]
[WhiteFideId "13404148"]
[BlackFideId "2207400"]
[WhiteElo "2457"]
[BlackElo "2278"]
[Result "1-0"]
[Round "6"]
[TimeControl "180+1"]
[Date "2023.08.22"]
[WhiteClock "0:01:42"]
[BlackClock "0:00:00"]
[Board "134"]

1. d4 Nf6 2. Nf3 g6 3. g3 Bg7 4. Bg2 O-O 5. O-O d6 6. b3 Ne4 7. Bb2 c5 8. Nbd2 d5 9. e3 Nc6 10. Rb1 cxd4 11. Nxe4 dxe4 12. Nxd4 Nxd4 13. Bxd4 Bxd4 14. Qxd4 Qxd4 15. exd4 Bf5 16. c4 Rfd8 17. Rbd1 Rd7 18. Rfe1 Bg4 19. Rd2 e5 20. Rxe4 Bf5 21. Rxe5 Rad8 22. Bd5 Kg7 23. f3 h5 24. Kf2 b5 25. Rde2 bxc4 26. bxc4 Rb8 27. Re7 Kf6 28. Rxd7 Bxd7 29. c5 Rb4 30. Ke3 Bb5 31. Rc2 Ba4 32. Rc4 Rxc4 33. Bxc4 Ke7 34. d5 f6 35. Kd4 Bd1 36. f4 Bf3 37. d6+ Kd7 38. Bb5+ Kd8 39. a4 1-0


[Site "https://www.chess.com"]